 Dungeon Crawl Stone Soup version 0.31-a0-267-g3fc6992b3b (webtiles) character file.

Game seed: 8574352781760795997

154 qw the Shooter (level 5, -1/30 HPs)
             Began as a Gargoyle Hexslinger on July 13, 2023.
             Slain by an orc priest
             ... wielding a +0 whip
              (2 damage)
             ... on level 3 of the Dungeon.
             The game lasted 00:00:48 (2051 turns).

qw the Shooter (Gargoyle Hexslinger)                Turns: 2051, Time: 00:00:48

Health: -1/30      AC: 10    Str: 11    XL:     5   Next: 36%
Magic:  6/6        EV: 11    Int: 14    God:
Gold:   126        SH:  0    Dex: 14    Spells: 5/6 levels left

rFire   . . .        Y - +1 sling
rCold   . . .        (no shield)
rNeg    + . .        d - +0 leather armour
rPois   inf          a - +2 helmet of Okawaru's Envy {SInv}
rElec   +            (no cloak)
rCorr   .            (no gloves)
SInv    +            (no boots)
Will    .....        (no amulet)
Stlth   +            (no ring)
HPRegen 0.25/turn    (no ring)
MPRegen 0.10/turn

%: no passive effects
@: no status effects
A: sickness immunity, AC +4, negative energy resistance 1, electricity
resistance, torment resistance 1, petrification resistance
a: no special abilities


You were on level 3 of the Dungeon.
You visited 1 branch of the dungeon, and saw 3 of its levels.

You collected 126 gold pieces.


Innate Abilities, Weirdness & Mutations

You are immune to sickness and miasma.
Your stone body is resilient. (AC +4)
You are immune to poison.
You resist negative energy. (rN+)
You are resistant to electric shocks. (rElec)
You are resistant to unholy torment.
You are immune to petrification.


   Skills:
 + Level 2.1 Fighting
 - Level 5.1 Ranged Weapons
 - Level 1.5 Dodging
 - Level 1.0 Spellcasting
 - Level 2.6 Hexes


You had 5 spell levels left.
You knew the following spells:

 Your Spells              Type           Power      Damage    Failure   Level
a - Slow                  Hex            32%        N/A       12%         1

Your spell library contained the following spells:

 Spells                   Type           Power      Damage    Failure   Level
 Inner Flame              Hex/Fire       4%         N/A       52%         3
 Portal Projectile        Hex/Tloc       8%         N/A       52%         3
 Cause Fear               Hex            4%         N/A       75%         4

Inventory:

Hand Weapons
 Y - a +1 sling (weapon)
Armour
 a - the +2 helmet of Okawaru's Envy (worn) {SInv}
   (You acquired it on level 1 of the Dungeon)

   SInv:      It lets you see invisible.
 b - a +0 ring mail
 d - a +0 leather armour (worn)
Scrolls
 c - a scroll of identify
Potions
 j - a potion of curing {unknown}
 k - 2 potions of heal wounds {unknown}

Dungeon Overview and Level Annotations

Branches:
Dungeon (3/15)

Altars:


Message History

You shoot a sling bullet. The sling bullet hits the orc priest.
The orc priest is lightly wounded.
The orc priest invokes the aid of Beogh against you.
Pain shoots through your body!
You shoot a sling bullet.
The sling bullet hits the orc priest but does no damage.
The orc priest is lightly wounded.
The orc priest calls down the wrath of Beogh upon you.
Beogh smites you!
You shoot a sling bullet.
The sling bullet hits the orc priest but does no damage.
The orc priest is lightly wounded.
The orc priest hits you with a +0 whip.
You shoot a sling bullet.
The sling bullet hits the orc priest but does no damage.
The orc priest is lightly wounded.
The orc priest looks satisfied for a moment.
You shoot a sling bullet. The sling bullet hits the orc priest.
The orc priest is heavily wounded.
The orc priest hits you but does no damage. x2
You shoot a sling bullet. The sling bullet hits the orc priest.
The orc priest is heavily wounded.
The orc priest completely misses you.
You shoot a sling bullet.
The sling bullet hits the orc priest but does no damage.
The orc priest is heavily wounded.
The orc priest closely misses you.
You shoot a sling bullet.
The sling bullet hits the orc priest but does no damage.
The orc priest is heavily wounded.
The orc priest barely misses you.
You shoot a sling bullet.
The sling bullet hits the orc priest but does no damage.
The orc priest is heavily wounded.
The orc priest hits you but does no damage.
You shoot a sling bullet.
The sling bullet barely misses the orc priest.
The orc priest calls down the wrath of Beogh upon you.
Pain shoots through your body! The orc priest hits you with a +0 whip.
You die...

#. #.# #+# ####.#####
####.# ...# #........#
#..... ....# #.#.#....#
#.##.# .....##.##..#..#
#.##.#
......#.##.....####.##..
o.o...'......#.%........
#o##.....####.###.
#@###.##.# #.....
#.###.##.# ######
#../>....# #####.####
#.# #.# #.# ## #.# #..
#.# #.#


You could see an orc priest.

Vanquished Creatures
  A scorpion (D:3)
  An orc wizard (D:3)
  2 adders
  2 worms (D:2)
  3 orcs (D:3)
  2 bats
  2 endoplasms
  4 giant cockroaches
  3 goblins
  3 hobgoblins (D:2)
  2 jackals (D:1)
  A quokka (D:2)
  4 ball pythons
  4 frilled lizards
  6 kobolds
  6 rats
46 creatures vanquished.

Notes
Turn   | Place    | Note
-------+----------+-------------------------------------------
     0 | D:1      | qw the Gargoyle Hexslinger began the quest for the Orb.
     0 | D:1      | Reached XP level 1. HP: 12/12 MP: 2/2
     0 | D:1      | 0 ||| qw: Version: 0.3-a-52-g30416fa
     0 | D:1      | 0 ||| qw: Game counter: 7690
     0 | D:1      | 0 ||| qw: Melee chars always use a shield: true
     0 | D:1      | 0 ||| qw: God list: Okawaru
     0 | D:1      | 0 ||| qw: Allow faded altars: false
     0 | D:1      | 0 ||| qw: Do Orc after clearing Dungeon:15 true
     0 | D:1      | 0 ||| qw: Do second Lair branch before Depths: true
     0 | D:1      | 0 ||| qw: Lair rune preference: random
     0 | D:1      | 0 ||| qw: Goals: Normal
     0 | D:1      | 0 ||| PLANNING D:1-11
   244 | D:1      | Reached XP level 2. HP: 16/16 MP: 3/3
   404 | D:1      | Reached skill level 3 in Ranged Weapons
   684 | D:1      | 684 ||| UPGRADING to +0 leather armour.
   694 | D:1      | 694 ||| DROPPING +0 robe.
   695 | D:1      | 695 ||| READING scroll labelled RIOR RIZEI.
   696 | D:1      | 696 ||| READING scroll labelled FUONEG ITEOME.
   697 | D:1      | 697 ||| READING scroll labelled JERPHI ZETOPH.
   697 | D:1      | Identified a scroll of acquirement
   697 | D:1      | 697 ||| ACQUIRING +2 helmet of Okawaru's Envy {SInv}
   697 | D:1      | Acquired the +2 helmet of Okawaru's Envy {SInv}
   699 | D:1      | 699 ||| UPGRADING to +2 helmet of Okawaru's Envy {SInv}.
   704 | D:1      | 704 ||| DRINKING 2 black potions.
   705 | D:1      | 705 ||| DROPPING scroll of poison.
   706 | D:1      | 706 ||| DROPPING potion of brilliance.
   732 | D:2      | Reached XP level 3. HP: 21/21 MP: 4/4
  1145 | D:2      | 1145 ||| FLEEEEING.
  1146 | D:2      | 1146 ||| FLEEEEING.
  1147 | D:2      | 1147 ||| FLEEEEING.
  1148 | D:2      | 1148 ||| FLEEEEING.
  1149 | D:2      | 1149 ||| FLEEEEING.
  1150 | D:2      | 1150 ||| FLEEEEING.
  1151 | D:2      | 1151 ||| FLEEEEING.
  1152 | D:2      | 1152 ||| FLEEEEING.
  1153 | D:2      | 1153 ||| FLEEEEING.
  1154 | D:2      | 1154 ||| FLEEEEING.
  1658 | D:2      | 1658 ||| READING scroll labelled UXAURGH OHAZUMOET.
  1759 | D:2      | 1759 ||| READING 3 scrolls labelled NIUPRU BIWOIKH.
  1760 | D:2      | 1760 ||| READING 2 scrolls of identify.
  1760 | D:2      | 1760 ||| IDENTIFYING metallic brown potion
  1761 | D:2      | 1761 ||| DROPPING potion of ambrosia.
  1851 | D:3      | Reached XP level 4. HP: 26/26 MP: 5/5
  1902 | D:3      | Noticed a scorpion
  1924 | D:3      | Killed a scorpion
  1925 | D:3      | Reached skill level 4 in Ranged Weapons
  1925 | D:3      | Reached XP level 5. HP: 10/30 MP: 6/6
  2021 | D:3      | 2021 ||| Stepping ~*~*~tactically~*~*~ (outnumbered).
  2042 | D:3      | Reached skill level 5 in Ranged Weapons
  2043 | D:3      | HP: 4/30 [orc priest/divine providence (12)]
  2051 | D:3      | HP: 1/30 [orc priest/nerve-wracking pain (4)]
  2051 | D:3      | Slain by an orc priest

Levels and vault maps discovered:
D:1:      dpeg_arrival_signposts, layout_basic
D:2:      layout_basic
D:3:      layout_loops_corners

Skill      XL: |  1  2  3  4  5 |
---------------+----------------+-----
Ranged Weapons | 3 4 5 |  5.1
Fighting       | 2 |  2.1
Dodging        | |  1.5
Spellcasting   | |  1.0
Hexes          | |  2.6

Action                     |  1- 3 |  4- 6 || total
---------------------------+-------+-------++-------
   Fire: Sling             |   135 |    60 ||   195
    Use: Scroll            |     6 |       ||     6
         Potion            |     1 |       ||     1
 Armour: Robe              |    10 |       ||    10
         Leather armour    |    12 |    21 ||    33
  Dodge: Dodged            |    30 |    23 ||    53

Table legend:
 A = Non-vault XP
 B = Vault XP
 C = Vault XP percentage of total XP
 D = Non-vault monster count
 E = Vault monster count
 F = Vault count percentage of total count
                 A         B        C        D         E       F
            +---------+---------+-------+---------+---------+-------
      Total |     221 |       0 |   0.0 |      46 |       0 |   0.0
            +---------+---------+-------+---------+---------+-------
        D:1 |      26 |       0 |   0.0 |      16 |       0 |   0.0
        D:2 |      51 |       0 |   0.0 |      22 |       0 |   0.0
        D:3 |     144 |       0 |   0.0 |       8 |       0 |   0.0
            +---------+---------+-------+---------+---------+-------
